 Dungeon Crawl Stone Soup version 0.23.2-1-ga50397a (webtiles) character file.

Game seed: 17003003891263429268

91 IBeShadow the Skirmisher (level 4, 0/37 HPs)
             Began as a Demonspawn Chaos Knight on May 20, 2019.
             Was a Plaything of Xom.
             Killed by divine providence
             ... invoked by an orc priest
              (10 damage)
             ... on level 3 of the Dungeon.
             The game lasted 00:02:16 (1912 turns).

IBeShadow the Skirmisher (Demonspawn Chaos Knight)  Turns: 1912, Time: 00:02:17

Health: 0/37       AC:  9    Str: 25    XL:     4   Next: 33%
Magic:  4/4        EV:  8    Int: 13    God:    Xom [.....*]
Gold:   99         SH:  0    Dex: 12    Spells: 3/3 levels left

rFire    . . .     SeeInvis .   a - +0 mace (chaos)
rCold    . . .     Gourm    .   (no shield)
rNeg     . . .     Faith    .   m - +1 chain mail of the Leaf {rPois Str+3}
rPois    +         Spirit   .   (no helmet)
rElec    .         Reflect  .   (no cloak)
rCorr    .         Harm     .   (no gloves)
MR       .....                  (no boots)
Stlth    ..........             (no amulet)
HPRegen  0.12/turn              k - +3 ring of strength
MPRegen  0.09/turn              (no ring)

@: mighty, cleaving, flying
A: hooves 2
a: Renounce Religion


You were on level 3 of the Dungeon.
You worshipped Xom.
You were Xom's teddy bear.
You were not hungry.

You visited 1 branch of the dungeon, and saw 3 of its levels.

You collected 99 gold pieces.

Inventory:

Hand Weapons
 a - a +0 mace of chaos (weapon)
Missiles
 g - 3 javelins of returning (quivered)
Armour
 m - the +1 chain mail of the Leaf (worn) {rPois Str+3}
   (Xom gifted it to you on level 2 of the Dungeon)

   It affects your strength (+3).
   It protects you from poison.
Jewellery
 k - a +3 ring of strength (left hand)
Scrolls
 d - 2 scrolls of enchant armour {unknown}
 e - a scroll of remove curse {unknown}
 f - 4 scrolls of identify {unknown}
 i - a scroll of random uselessness {unknown}
 j - 2 scrolls of teleportation {unknown}
 l - 2 scrolls of fog {unknown}
Potions
 n - a potion of berserk rage {unknown}
 o - a potion of might
 p - a potion of resistance {unknown}
Comestibles
 c - 3 rations


   Skills:
 + Level 4.2 Fighting
 + Level 3.8 Maces & Flails
 - Level 1.7 Armour
 - Level 0.8 Dodging


You had 3 spell levels left.
You didn't know any spells.
Your spell library was empty.

Dungeon Overview and Level Annotations

Branches:
Dungeon (3/15)

Altars:
Cheibriados
Dithmenos
Elyvilon
Uskayaw
Xom
The Shining One


Innate Abilities, Weirdness & Mutations

You have hoof-like feet.


Message History

You barely miss something. Your kick misses something.
You feel less confused. Something hits you.
* * * LOW HITPOINT WARNING * * *
Something hits you but does no damage.
Unknown command.
It was a potion of might.
You feel very mighty all of a sudden.
Xom thinks this is hilarious!
Something hits you but does no damage.
It was a potion of magic.
Magic courses through your body. Something hits you but does no damage.
It was a potion of flight.
You feel very buoyant.
You fly up into the air.
Xom thinks this is hilarious!
The orc priest calls down the wrath of Beogh upon you.
Beogh smites you!
You die...
Xom chuckles heartily!

###+## #........#. #....#
#........## #....#
######...## #....# #...##
#....# #...## #....# #...##
#....# #...##
####...o##############...##
......ooo{@..............#.
......o.################.##
..<.......b...# #......
...?...#o.o...o. #.#....
.......boooo.o.. ..#.#....
........b.o...o. #.#.#....
######..o....... #.#.#....
###........ #.#.#....
#........ #(#......


You could see an orc priest and 4 orcs.

Vanquished Creatures
  3 gnolls (D:3)
  2 adders (D:2)
  A dart slug (D:1)
  2 leopard geckos
  4 orcs (D:3)
  2 giant cockroaches
  5 goblins
  5 hobgoblins
  3 bats
  A frilled lizard (D:3)
  4 kobolds
  4 rats
36 creatures vanquished.

Notes
Turn   | Place    | Note
-------+----------+-------------------------------------------
     0 | D:1      | IBeShadow the Demonspawn Chaos Knight began the quest for
                  | the Orb.
     0 | D:1      | Reached XP level 1. HP: 18/18 MP: 1/1
   304 | D:1      | Gained mutation: You have large cloven feet. [demonic
                  | ancestry]
   304 | D:1      | Reached XP level 2. HP: 24/24 MP: 2/2
   396 | D:1      | XOM: harmless Summ miscast
   634 | D:2      | Found a faded altar of an unknown god.
   808 | D:2      | Found a glowing golden altar of the Shining One.
   903 | D:2      | Reached XP level 3. HP: 24/30 MP: 3/3
   911 | D:2      | XOM: silly message
   963 | D:2      | XOM: god gift: smelly chain mail {god gift}
   964 | D:2      | Got a smelly chain mail {god gift}
   975 | D:2      | Identified the +1 chain mail of the Leaf {rPois Str+3} (Xom
                  | gifted it to you on level 2 of the Dungeon)
  1160 | D:2      | Found a snail-covered altar of Cheibriados.
  1202 | D:2      | Found a white marble altar of Elyvilon.
  1202 | D:2      | Found a hide-covered altar of Uskayaw.
  1204 | D:2      | XOM: god gift: 3 javelins of returning
  1224 | D:2      | XOM is BORED!
  1288 | D:2      | XOM: god gift: scroll labeled IXAOTHRO CEOCU {god gift}
  1310 | D:2      | XOM: scenery: create altars
  1457 | D:3      | Found a shadowy altar of Dithmenos.
  1482 | D:3      | XOM: 1-stop teleportation journey
  1555 | D:3      | Reached skill level 4 in Fighting
  1573 | D:3      | Gained mutation: You have hoof-like feet. [demonic
                  | ancestry]
  1573 | D:3      | Reached XP level 4. HP: 20/37 MP: 4/4
  1698 | D:3      | XOM: 8-stop teleportation journey
  1890 | D:3      | XOM: cleaving
  1890 | D:3      | XOM: butterfly on damage
  1912 | D:3      | Killed from afar by an orc priest

Skill      XL: |  1  2  3 |
---------------+----------+-----
Maces & Flails | 3 |  3.8
Fighting       | 4 |  4.2
Armour         | |  1.7
Dodging        | |  0.8

Action                   |  1- 3 |  4- 6 || total
-------------------------+-------+-------++-------
Melee: Mace              |    77 |    20 ||    97
       Kick              |     6 |     4 ||    10
  Use: Scroll            |     1 |       ||     1
       Potion            |       |     3 ||     3
 Stab: Paralysed         |       |     1 ||     1
  Eat: Chunk             |     1 |     2 ||     3
Armor: Troll leather arm |    21 |       ||    21
       Leather armour    |     3 |       ||     3
       Chain mail        |     7 |     8 ||    15
Dodge: Dodged            |    40 |     2 ||    42
